 Dungeon Sprint DCSS version 0.30.1-11-g7821555f0a (webtiles) character file.

Game seed: 1274863789380167971

11345 Groucho the Unseen (level 11, 0/65 HPs)
             Began as a Spriggan Brigand on Dec 17, 2023.
             Was a Believer of Uskayaw.
             Slain by an orc knight
             ... wielding a +1 long sword
              (36 damage)
             ... in the Dungeon (Sprint IX: "|||||||||||||||||||||||||||||").
             The game lasted 00:07:59 (2664 turns).

Groucho the Unseen (Spriggan Brigand)               Turns: 2664, Time: 00:07:59

Health: 0/65       AC:  6    Str:  7    XL:     11   Next: 48%
Magic:  16/21      EV: 32    Int: 17    God:    Uskayaw [**....]
Gold:   1289       SH:  0    Dex: 23    Spells: 10/10 levels left

rFire   . . .        a - +2 dagger
rCold   . . .        (no shield)
rNeg    . . .        j - +0 troll leather armour
rPois   .            (helmet restricted)
rElec   .            c - +0 cloak
rCorr   .            (gloves unavailable)
SInv    +            (boots unavailable)
Will    +....        (no amulet)
Stlth   +++++++      o - +3 ring of intelligence
HPRegen 1.10/turn    p - +3 ring of dexterity
MPRegen 0.17/turn

%: no teleportation
@: very quick
A: very small, no large weapons, unfitting armour, see invisible, speed 3
a: Renounce Religion, Stomp, Line Pass


You were in the Dungeon.
You worshipped Uskayaw.
Uskayaw was pleased with you.
You visited 1 branch You collected 1289 gold pieces.

Inventory:

Hand Weapons
 a - a +2 dagger (weapon)
 n - a +2 rapier of venom
Missiles
 d - 9 poisoned darts (quivered)
 e - 3 curare-tipped darts
Armour
 b - a +0 robe
 c - a +0 cloak (worn)
 h - +0 acid dragon scales
 j - a +0 troll leather armour (worn)
Jewellery
 o - a +3 ring of intelligence (left hand)
 p - a +3 ring of dexterity (right hand)
Wands
 m - a wand of iceblast (10)
 x - a wand of quicksilver (11)
Scrolls
 k - 2 scrolls of blinking
 l - 2 scrolls of amnesia
 s - a scroll of fear
 t - a scroll of fog
 u - 2 scrolls of enchant armour
 v - a scroll of identify
 w - 2 scrolls of enchant weapon
Potions
 f - 6 potions of curing
 g - 5 potions of heal wounds
 i - 4 potions of magic
 q - a potion of berserk rage
 r - a potion of mutation


   Skills:
 + Level 11.1 Fighting
 + Level 13.6 Short Blades
 - Level 2.0 Throwing
 + Level 6.7 Armour
 + Level 16.7 Dodging
 - Level 18.0 Stealth
 + Level 12.8 Invocations


You had 10 spell levels left.
You didn't know any spells.
Your spell library contained the following spells:

 Spells                   Type           Power      Damage    Failure   Level
 Sublimation of Blood     Necr           0%         N/A       45%         2
 Wereblood                Tmut           0%         N/A       45%         2
 Summon Hydra             Summ           0%         N/A       100%        7


Dungeon Overview and Level Annotations

Branches:
Dungeon (1/1)

Altars:
Cheibriados
Dithmenos
Elyvilon
Fedhas
Gozag
Hepliaklqana
Kikubaaqudgha
Makhleb
Nemelex Xobeh
Okawaru
Qazlal
Ru
Sif Muna
Trog
Uskayaw
Vehumet
Wu Jian
Xom
Yredelemnul
Zin
The Shining One
Jiyva
Lugonu

Shops:
D :*


Innate Abilities, Weirdness & Mutations

You are very small and have problems with some larger weapons.
You are too small for most types of armour.
You have supernaturally acute eyesight. (SInv)
You cover ground extremely quickly. (Speed+++)


Message History

The orc knight hits the orc knight with a +0 war axe of freezing!!!
The orc knight freezes the orc knight!
The orc knight is killed!
The orc knight hits itself with a +0 war axe of freezing!!
The orc knight freezes itself!
Your Fighting skill increases to level 11!
Unknown command.
You hit the orc knight.
The orc knight is moderately wounded.
Unknown command.
You hit the orc knight.
You punch the orc knight, but do no damage.
The orc knight is moderately wounded.
The orc warrior closely misses the orc knight.
The orc knight completely misses you.
The orc knight barely misses itself.
The orc knight hits the orc knight with a +1 long sword!!
Unknown command.
You hit the orc knight but do no damage.
The orc knight is heavily wounded.
Unknown command.
Unknown command.
You strike the helpless orc knight from behind!
You spit the orc knight like a pig!!!
You kill the orc knight!
The orc warrior hits the orc knight with a +0 glaive!!
The orc knight roars a battlecry!
The orc knight hits the orc knight with a +0 glaive!!!
You can now pass through a line of other dancers.
Unknown command.
You hit the orc knight but do no damage.
The orc knight is severely wounded.
The orc knight seems less confused. x3
Unknown command.
Unknown command.
You hit the orc knight but do no damage.
The orc knight is severely wounded.
The orc warrior barely misses the orc knight.
The orc knight hits you with a +1 long sword!!!
Ouch! That really hurt!
You die...

.).†).'..[[[.)..'________________
▓▓▓▓▓▓▓▓▓▓▓▓▓▓▓▓▓▓▓▓▓▓▓▓▓▓▓▓▓▓▓▓▓
.................................
▓▓▓▓▓▓▓▓▓▓▓▓▓▓▓▓▓▓▓▓▓▓▓▓▓▓▓▓▓▓▓▓▓
[..'(.(...†.†..†'.........'......
▓▓▓▓▓▓▓▓▓▓▓▓▓▓▓▓▓▓▓▓▓▓▓▓▓▓▓▓▓▓▓▓▓
.................)..............)
▓▓▓▓▓▓▓▓▓▓▓▓▓▓▓▓▓▓▓▓▓▓▓▓▓▓▓▓▓▓▓▓▓
∩ooo$oo@o.))))).)))))'..
▓▓▓▓▓▓▓▓▓▓▓▓▓▓▓▓▓▓▓▓▓▓▓▓


You could see 4 orc knights and 2 orc warriors.

Vanquished Creatures
  Josephine (D)
  Erolcha (D)
  A hydra (D)
  Urug (D)
  2 orc knights (D)
  A cyclops (shapeshifter) (D)
  A manticore (D)
  An elephant (D)
  2 black mambas (D)
  2 cane toads (D)
  4 trolls (D)
  3 polar bears (D)
  A dream sheep (D)
  A blink frog (D)
  A slime creature (D)
  4 yaks (D)
  4 wraiths (D)
  A wyvern (D)
  A basilisk (D)
  An acid dragon (D)
  3 water moccasins (D)
  12 orc warriors (D)
  5 black bears (D)
  A centaur (D)
  A wolf (D)
  A bullfrog (D)
  9 orc priests (D)
  An iguana (D)
  4 orc wizards (D)
  5 orcs (D)
  An endoplasm (D)
  A hobgoblin (D)
  A kobold (D)
  A quokka (D)
  A bat (D)
81 creatures vanquished.

Notes
Turn   | Place    | Note
-------+----------+-------------------------------------------
     0 | D        | Groucho the Spriggan Brigand began the quest for the Orb.
     0 | D        | Reached XP level 1. HP: 10/10 MP: 2/2
     6 | D        | Reached skill level 6 in Stealth
    10 | D        | Reached skill level 1 in Invocations
   229 | D        | Noticed a centaur
   229 | D        | Noticed an iguana
   237 | D        | Reached XP level 2. HP: 15/15 MP: 2/4
   241 | D        | Reached skill level 7 in Stealth
   241 | D        | Reached XP level 3. HP: 19/19 MP: 2/5
   250 | D        | Killed a centaur
   251 | D        | Reached skill level 5 in Short Blades
   251 | D        | Reached skill level 5 in Dodging
   251 | D        | Reached skill level 8 in Stealth
   251 | D        | Reached XP level 4. HP: 25/25 MP: 2/7
   261 | D        | Found a snail-covered altar of Cheibriados.
   261 | D        | Found a shadowy altar of Dithmenos.
   261 | D        | Found a white marble altar of Elyvilon.
   261 | D        | Found a blossoming altar of Fedhas.
   261 | D        | Found an opulent altar of Gozag.
   262 | D        | Found a hazy altar of Hepliaklqana.
   263 | D        | Found a viscous altar of Jiyva.
   264 | D        | Found an ancient bone altar of Kikubaaqudgha.
   265 | D        | Found a corrupted altar of Lugonu.
   266 | D        | Found a burning altar of Makhleb.
   267 | D        | Found a sparkling altar of Nemelex Xobeh.
   268 | D        | Found an iron altar of Okawaru.
   269 | D        | Found a stormy altar of Qazlal.
   270 | D        | Found a sacrificial altar of Ru.
   271 | D        | Found a shimmering blue altar of Sif Muna.
   272 | D        | Found a bloodstained altar of Trog.
   273 | D        | Found a hide-covered altar of Uskayaw.
   274 | D        | Found a radiant altar of Vehumet.
   275 | D        | Found an ornate altar of the Wu Jian Council.
   276 | D        | Found a shimmering altar of Xom.
   277 | D        | Found a basalt altar of Yredelemnul.
   278 | D        | Found a glowing silver altar of Zin.
   279 | D        | Found a glowing golden altar of the Shining One.
   281 | D        | Became a worshipper of Uskayaw the Reveller
   288 | D        | Found the +8 autumn katana {manifold assault}
   307 | D        | Noticed an orc warrior
   307 | D        | Noticed a troll
   307 | D        | Noticed a troll
   307 | D        | Noticed an acid dragon
   307 | D        | Noticed a troll
   311 | D        | Reached * piety under Uskayaw
   312 | D        | Killed a troll
   312 | D        | Reached ** piety under Uskayaw
   313 | D        | Reached skill level 5 in Fighting
   313 | D        | Reached skill level 10 in Stealth
   313 | D        | Reached skill level 5 in Invocations
   313 | D        | Reached XP level 5. HP: 30/30 MP: 7/10
   313 | D        | Reached XP level 6. HP: 35/35 MP: 7/11
   315 | D        | Reached skill level 11 in Stealth
   317 | D        | Killed an acid dragon
   317 | D        | Reached *** piety under Uskayaw
   318 | D        | Killed a troll
   318 | D        | Reached **** piety under Uskayaw
   319 | D        | Reached skill level 12 in Stealth
   319 | D        | Reached XP level 7. HP: 40/40 MP: 7/13
   321 | D        | Killed a troll
   321 | D        | Reached ***** piety under Uskayaw
   322 | D        | Reached skill level 10 in Dodging
   322 | D        | Reached skill level 13 in Stealth
   331 | D        | Noticed a basilisk
   331 | D        | Noticed a wraith
   331 | D        | Noticed a tarantella
   331 | D        | Noticed a slime creature
   331 | D        | Noticed a manticore
   331 | D        | Noticed a troll
   333 | D        | Killed a troll
   334 | D        | Reached XP level 8. HP: 30/45 MP: 8/15
   334 | D        | a tarantella changed into a cyclops
   334 | D        | Noticed a cyclops (shapeshifter)
   335 | D        | Killed a manticore
   335 | D        | Reached ****** piety under Uskayaw
   336 | D        | Reached skill level 14 in Stealth
   337 | D        | Killed a slime creature
   341 | D        | Killed a cyclops
   342 | D        | Reached skill level 10 in Short Blades
   342 | D        | Reached skill level 15 in Stealth
   342 | D        | Reached XP level 9. HP: 35/51 MP: 8/16
   573 | D        | Noticed a black mamba
   573 | D        | Noticed a cane toad
   573 | D        | Noticed a cane toad
   613 | D        | Killed a cane toad
   614 | D        | Reached skill level 1 in Armour
   614 | D        | Reached skill level 16 in Stealth
   615 | D        | Killed a cane toad
   617 | D        | Killed a black mamba
   618 | D        | Reached skill level 10 in Invocations
  1174 | D        | Noticed an elephant
  1174 | D        | Noticed a black mamba
  1176 | D        | Killed a black mamba
  1177 | D        | Reached skill level 17 in Stealth
  1177 | D        | Reached XP level 10. HP: 58/58 MP: 18/18
  1179 | D        | Noticed an eight-headed hydra
  1188 | D        | Killed an elephant
  1192 | D        | Killed an eight-headed hydra
  1730 | D        | Reached skill level 18 in Stealth
  1736 | D        | Reached skill level 15 in Dodging
  1738 | D        | Reached skill level 10 in Fighting
  1743 | D        | Reached skill level 5 in Armour
  1811 | D        | Noticed Urug
  1818 | D        | Killed Urug
  1827 | D        | Noticed Erolcha
  1834 | D        | Killed Erolcha
  1835 | D        | Reached XP level 11. HP: 64/64 MP: 19/21
  1837 | D        | Noticed Josephine
  2120 | D        | Killed Josephine
  2644 | D        | Found Koar's Assorted Antiques.
  2644 | D        | Noticed an orc knight
  2644 | D        | Noticed an orc knight
  2644 | D        | Noticed an orc knight
  2644 | D        | Noticed an orc knight
  2644 | D        | Noticed an orc knight
  2652 | D        | Noticed an orc knight
  2657 | D        | Found Fouwuf's Book Shop.
  2658 | D        | Killed an orc knight
  2662 | D        | Killed an orc knight
  2664 | D        | Slain by an orc knight

Illustrated notes

Levels and vault maps discovered:
D:        linesprint [early_d, line_temple, items_1, d_10, items_2, lair_1,
          lair_end, items_3, orc_1, orc_end, items_4, d_15, swamp_1, shoals_1,
          snake_1, spider_1, d_20, vaults_1, items_5, swamp_end, shoals_end,
          snake_end, spider_end, vaults_end, d_27, items_6, zot_1, zot_end,
          crypt_end, forest_end, elf_end, slime_end, tomb_end, abyss_end,
          pan_hell_end]

Skill      XL: |  1  2  3  4  5  6  7  8  9 10 11 |
---------------+----------------------------------+-----
Stealth        | 6 7 8 10 12 13 15 17 18 | 18.0
Dodging        | 2 3 5 7 9 10 12 13 15 16 | 16.7
Fighting       | 2 3 5 6 7 9 10 11 | 11.1
Invocations    | 1 2 3 5 7 8 9 10 12 | 12.8
Short Blades   | 3 5 6 8 9 10 11 12 13 | 13.6
Armour         | 3 5 6 |  6.7
Throwing       | |  2.0

Action                     |  1- 3 |  4- 6 |  7- 9 | 10-12 || total
---------------------------+-------+-------+-------+-------++-------
  Melee: Dagger            |    27 |     6 |    79 |   199 ||   311
         Punch             |       |       |     3 |     6 ||     9
 Invoke: Line Pass         |       |       |     4 |    14 ||    18
         Grand Finale      |       |       |     1 |       ||     1
         Stomp             |       |       |       |     1 ||     1
    Use: Potion            |     1 |     2 |     1 |     1 ||     5
   Stab: Sleeping          |     3 |       |     4 |    11 ||    18
         Invisible         |       |     4 |     4 |       ||     8
         Paralysed         |       |     1 |     5 |     6 ||    12
         Confused          |       |       |     3 |    17 ||    20
 Armour: Troll leather arm |       |       |       |     4 ||     4
  Dodge: Dodged            |    22 |     3 |    38 |    99 ||   162
